 Dungeon Crawl Stone Soup version 0.31-a0-692-gf03d1854d5 (webtiles) character file.

Game seed: 5005451969131550882

169 Essalna the Conjurer (level 5, 35/35 HPs)
             Began as a Demonspawn Conjurer on Sept 7, 2023.
             Got out of the dungeon alive.
             The game lasted 00:05:14 (2267 turns).

Essalna the Conjurer (Demonspawn Conjurer)          Turns: 2267, Time: 00:05:15

Health: 35/35      AC:  4    Str:  8    XL:     5   Next: 25%
Magic:  10/10      EV: 12    Int: 21    God:
Gold:   161        SH:  0    Dex: 11    Spells: 8/11 levels left

rFire   . . .        c - +2 short sword (elec)
rCold   . . .        (no shield)
rNeg    . . .        a - +0 robe
rPois   .            (no helmet)
rElec   .            (no cloak)
rCorr   .            (no gloves)
SInv    .            (no boots)
Will    .....        (no amulet)
Stlth   ++           (no ring)
HPRegen 0.25/turn    (no ring)
MPRegen 0.24/turn

%: no passive effects
@: no status effects
A: slimy green scales 1, ignite blood 1, magic regeneration
a: no special abilities


You escaped.
You visited 1 branch of the dungeon, and saw 3 of its levels.

You collected 161 gold pieces.

Inventory:

Hand Weapons
 c - a +2 short sword of electrocution (weapon)
 d - a +0 whip of protection
Armour
 a - a +0 robe (worn)
Scrolls
 e - a scroll of blinking {unknown}
Potions
 b - a potion of magic


   Skills:
 - Level 1.7 Dodging
 - Level 1.7 Stealth
 + Level 3.8 Spellcasting
 + Level 5.4 Conjurations


You had 8 spell levels left.
You knew the following spells:

 Your Spells              Type           Power      Damage    Failure   Level
a - Magic Dart            Conj           100%       1d8       1%          1
b - Searing Ray           Conj           52%        2d6       1%          2

Your spell library contained the following spells:

 Spells                   Type           Power      Damage    Failure   Level
 Dazzling Flash           Conj/Hex       30%        N/A       12%         3
 Ignite Poison            Fire/Tmut/Pois 4%         N/A       36%         3
 Fulminant Prism          Conj/Hex       7%         3d7       36%         4
 Iskenderun's Mystic Bla  Conj/Tloc      15%        2d5       36%         4
 Sticky Flame             Conj/Fire      15%        2d4       36%         4
 Ignition                 Fire           2%         3d3       100%        8


Dungeon Overview and Level Annotations

Branches:
Dungeon (3/15)

Altars:
Wu Jian

Shops:
D:1 *[:[=   D:2 ?


Innate Abilities, Weirdness & Mutations

You are partially covered in slimy green scales. (AC +2)
Your demonic aura sometimes causes spilled blood to erupt in flames.
You regenerate magic rapidly.


Message History

A goblin is nearby!
No reachable target in view!
No reachable target in view!
No reachable target in view!
A ball python comes into view.
The ball python moves out of view.
Found a smoky ruby potion.
The goblin shouts!
You catch the helpless ball python completely off-guard!
You hit the ball python.
You kill the ball python!
You hit the goblin.
The goblin is heavily wounded.
The goblin barely misses you.
You closely miss the goblin.
The goblin is heavily wounded.
The goblin barely misses you.
You hit the goblin.
You kill the goblin!
No target in view!
No target in view!
Casting: Magic Dart (safe; 1% risk of failure)
Confirm with . or Enter, or press ? or * to list all spells.
You don't know that spell.
Unknown command.
You see here a +0 club.
Found a scroll labelled SESTIPUCHUT.
Found a short sword.
You see here a +0 whip.
There is a stone staircase leading up here.
You climb upwards.
There is a stone staircase leading down here.
There is a stone staircase leading up here.
You climb upwards.
There is a stone staircase leading down here.
There is an escape hatch in the floor here.
You see here a +0 short sword.
There is an open door here.
There is a staircase leading out of the dungeon here.
You have escaped!

###....# ♣♣.#♣# #.#.## #..# #
#....♣##♣#.♣.~♣#♣♣..## #.## ##
##.#♣#...........###.###.# .# ###
#...........♣ #..##.# .##
#..#######..# #.....## ..#
#♣♣..#.....#..♣##......#
#.########≈...#.....#...♣####....
#........#.♣..'.....+..♣.♣..).#..
########.♣#...#.@...#...#♣.∩..###
# ##.♣#.)#.....#..♣♣.....### ##
#####..#######..###....##. .#
##.#♣≈...........###....##.
.######..#♣#...........~##....##.
........## ♣♣♣♣♣.♣.♣♣♣..#####..#.
.∩.#...#####♣ ♣#.♣~#♣♣.######...
....##......# ♣#♣####..........
.##.##..#############.#..........


There were no monsters in sight!

Vanquished Creatures
  3 orc priests (D:3)
  An ufetubus (D:3)
  2 dart slugs (D:2)
  6 orcs
  6 ball pythons
  8 endoplasms
  A giant cockroach (D:1)
  5 goblins
  2 hobgoblins (D:2)
  7 jackals
  3 kobolds
  6 quokkas
  5 bats
  3 frilled lizards
  6 rats
64 creatures vanquished.

Notes
Turn   | Place    | Note
-------+----------+-------------------------------------------
     0 | D:1      | Essalna the Demonspawn Conjurer began the quest for the
                  | Orb.
     0 | D:1      | Reached XP level 1. HP: 13/13 MP: 3/3
   137 | D:1      | Gained mutation: You regenerate magic rapidly. [demonic
                  | ancestry]
   137 | D:1      | Reached XP level 2. HP: 19/19 MP: 1/5
   204 | D:1      | Found Wunlucw's Book Emporium.
   255 | D:1      | Found Oningemm's Antique Armour Shoppe.
   284 | D:1      | Found Canagre's Jewellery Boutique.
   384 | D:1      | Found Bemaatag's General Store.
   530 | D:1      | Found Piant's Armour Boutique.
   824 | D:2      | Reached XP level 3. HP: 24/24 MP: 2/7
  1335 | D:2      | Found Picox's Magic Scroll Boutique.
  1337 | D:2      | Found a faded altar of an unknown god.
  1545 | D:3      | Reached skill level 5 in Conjurations
  1545 | D:3      | Gained mutation: You are partially covered in slimy green
                  | scales. (AC +2) [demonic ancestry]
  1545 | D:3      | Reached XP level 4. HP: 17/30 MP: 5/9
  1800 | D:3      | Learned a level 2 spell: Searing Ray
  1853 | D:3      | Found an ornate altar of the Wu Jian Council.
  1874 | D:3      | Gained mutation: Your demonic aura sometimes causes spilled
                  | blood to erupt in flames. [demonic ancestry]
  1874 | D:3      | Reached XP level 5. HP: 35/35 MP: 4/10
  2267 | D:$      | Got out of the dungeon alive.

Illustrated notes

Levels and vault maps discovered:
D:1:      saegor_arrival_under_anarchy, layout_rooms, serial_shops,
          nicolae_shop_stone, nicolae_shop_stone, nicolae_shop_rolling_square,
          nicolae_shop_advertising_works [nicolae_subvault_shop_adworks], shop
D:2:      layout_rooms, dreamdust_ecumenical_altar_statues, serial_shops, shop
D:3:      layout_basic, mainiacjoe_overflow_small_starburst, serial_glass,
          glass_columns_b, glass_columns_b, glass_columns_a, glass_columns_b,
          item_on_display_a

Skill      XL: |  1  2  3 |
---------------+----------+-----
Spellcasting   | 3 |  3.8
Conjurations   | 5 |  5.4
Dodging        | |  1.7
Stealth        | |  1.7

Action                     |  1- 3 |  4- 6 || total
---------------------------+-------+-------++-------
  Melee: Unarmed           |    21 |       ||    21
         Whip              |    47 |       ||    47
         Punch             |     1 |       ||     1
         Short sword       |     1 |    15 ||    16
   Cast: Magic Dart        |    86 |    27 ||   113
         Searing Ray       |       |     1 ||     1
    Use: Scroll            |     4 |       ||     4
   Stab: Distracted        |       |     1 ||     1
 Armour: Robe              |    36 |    11 ||    47
  Dodge: Dodged            |    52 |    16 ||    68

Table legend: (Time is in decaauts)
 A = Elapsed time spent in this place.
 B = Non-inter-level travel time spent in this place.
 C = Inter-level travel time spent in this place.
 D = Time resting spent in this place.
 E = Time spent auto-exploring this place.
 F = Levels seen in this place.
 G = Mean time per level.
                   A        B        C        D        E       F      G
               +--------+--------+--------+--------+--------+-----+--------+
         Total |   2271 |   2084 |    187 |     46 |   1679 |   3 |  757.0 |
       Dungeon |   2271 |   2084 |    187 |     46 |   1679 |   3 |  757.0 |
               +--------+--------+--------+--------+--------+-----+--------+

Top non-repeatable levels by time:
     D:2: 871 daAuts
     D:1: 799 daAuts
     D:3: 600 daAuts
